 Dungeon Crawl Stone Soup version 0.19.5 (webtiles) character file.

56 RaHiT the Magician (level 3, -5/24 HPs)
             Began as a Mummy Conjurer on Apr 23, 2017.
             Slain by Terence
             ... wielding a +0 flail
              (8 damage)
             ... on level 1 of the Dungeon.
             The game lasted 00:08:05 (1650 turns).

RaHiT the Magician (Mummy Conjurer)                 Turns: 1650, Time: 00:08:06

Health: -5/24      AC:  2    Str: 11    XL:     3   Next: 69%
Magic:  1/8        EV: 12    Int: 15    God:
Gold:   92         SH:  0    Dex: 12    Spells: 2 memorised, 6 levels left

rFire  x . .     SeeInvis .     c - +0 short sword (freeze)
rCold  + . .     Gourm    .     a - +0 robe
rNeg   + + +     Faith    .     (no shield)
rPois  ∞         Spirit   .     (no helmet)
rElec  .         Reflect  .     (no cloak)
rCorr  .         Harm     .     (no gloves)
MR     +....                    (no boots)
Stlth  ++........               (no amulet)
                                (no ring)
                                j - ring of protection from magic

@: no status effects
A: no food or potions, fire vulnerability, cold resistance 1, negative energy
resistance 3, torment resistance, unbreathing
a: no special abilities


You were on level 1 of the Dungeon.
You were not hungry.

You visited 1 branch of the dungeon, and saw 2 of its levels.

You collected 92 gold pieces.

Inventory:

Hand Weapons
 c - a +0 short sword of freezing (weapon)
 f - a +1 vampiric dagger
Missiles
 d - 95 stones (quivered)
Armour
 a - a +0 robe (worn)
Jewellery
 j - a ring of protection from magic (left hand)
Scrolls
 e - 3 scrolls of enchant weapon {unknown}
 g - a scroll of immolation {unknown}
 h - a scroll of remove curse {unknown}
 i - a scroll of identify {unknown}
Books
 b - a book of Conjurations

   Spells                             Type                      Level
   a - Magic Dart                     Conjuration                  1
   b - Searing Ray                    Conjuration                  2
   c - Dazzling Spray                 Conjuration/Hexes            3
   d - Fulminant Prism                Conjuration/Hexes            4
   e - Iskenderun's Mystic Blast      Conjuration                  4
   f - Iskenderun's Battlesphere      Conjuration/Charms           5


   Skills:
 - Level 1.5 Dodging
 - Level 1.5 Stealth
 * Level 3.8 Spellcasting
 - Level 3.2 Conjurations


You had 6 spell levels left.
You knew the following spells:

 Your Spells              Type           Power        Failure   Level  Hunger
a - Magic Dart            Conj           ##..         6%          1    N/A
q - Searing Ray           Conj           ##....       10%         2    N/A

Dungeon Overview and Level Annotations

Branches:
Dungeon (2/15)

Altars:

Annotations:
D:1 Terence
D:2 exclusion: upstairs, Sigmund


Innate Abilities, Weirdness & Mutations

You do not eat or drink.
Your flesh is vulnerable to fire.
You are immune to poison.
Your flesh is cold resistant. (rC+)
You are immune to negative energy. (rN+++)
You are immune to unholy pain and torment.
You can survive without breathing.


Message History

You hit Terence but do no damage.
Terence is severely wounded.
Terence barely misses you.
You hit Terence. You freeze Terence.
Terence is almost dead.
Terence barely misses you.
You barely miss Terence.
Terence is almost dead.
Terence drinks a potion.
Terence is healed!
You hit Terence. You freeze Terence.
Terence is almost dead.
Terence misses you.
You closely miss Terence.
Terence is almost dead.
Terence hits you with a flail!
* * * LOW HITPOINT WARNING * * *
You hit Terence but do no damage.
Terence is almost dead.
Terence hits you with a flail!
You die...

...###### #.........# #...#
........# #....>....# #...#
........# ##.........# #...#
........####..........# #...#
.............#.......########...#
........#.......................#
........###..######.########.....
....#######..)#####..########....
................@@.>.............
#..#####...##..#####..#########..
##....#..#####.### ##..# #...#
##.#....## #.>.#####.# ##.#.#
#....#..## ###.)..##.## #..#.#
#...###..## ####.....####.##.#
#.#.# ##..# ###......#.##.#
#.#.## ##.###### ##.###...##.#
#.#..## #......# #.####..#..#


You could see Terence.

Vanquished Creatures
  3 adders (D:2)
  A leopard gecko (D:2)
  3 giant cockroaches
  4 goblins
  A hobgoblin (D:2)
  2 jackals
  4 bats
  2 frilled lizards (D:1)
  6 kobolds
  3 rats
29 creatures vanquished.

Notes
Turn   | Place    | Note
-------+----------+-------------------------------------------
     0 | D:1      | RaHiT the Mummy Conjurer began the quest for the Orb.
     0 | D:1      | Reached XP level 1. HP: 13/13 MP: 3/3
   244 | D:1      | Reached XP level 2. HP: 19/19 MP: 0/5
   248 | D:1      | Learned a level 2 spell: Searing Ray
   632 | D:2      | Noticed Sigmund
   913 | D:2      | Reached XP level 3. HP: 11/24 MP: 2/7
  1205 | D:2      | Noticed Terence
  1650 | D:1      | Slain by Terence

Skill      XL: |  1  2 |
---------------+-------+-----
Spellcasting   | 3 |  3.8
Dodging        | |  1.5
Stealth        | |  1.5
Conjurations   | |  3.2

Action                   || total
-------------------------++-------
Melee: Short sword       ||    18
       Dagger            ||    19
 Cast: Magic Dart        ||    36
       Searing Ray       ||     6
Armor: Robe              ||     7
Dodge: Dodged            ||    36
